 Dungeon Crawl Stone Soup version 0.29-a0-362-g5854e031c7 (webtiles) character file.

Game seed: 7228062224271514313

4 spiderkeys the Skirmisher (level 1, -1/18 HPs)
             Began as a Mummy Abyssal Knight on Apr 30, 2022.
             Was a Believer of Lugonu.
             Slain by a hobgoblin (2 damage)
             ... on level 1 of the Dungeon.
             The game lasted 00:00:31 (322 turns).

spiderkeys the Skirmisher (Mummy Abyssal Knight)     Turns: 322, Time: 00:00:32

Health: -1/18      AC:  3    Str: 16    XL:     1   Next: 58%
Magic:  2/2        EV: 11    Int:  9    God:    Lugonu [**....]
Gold:   1          SH:  0    Dex: 12    Spells: 0/0 levels left

rFire   x . .      SeeInvis .   a - +1 spear
rCold   + . .      Faith    .   (no shield)
rNeg    + + +      Spirit   .   c - +0 leather armour
rPois   ∞          Reflect  .   (no helmet)
rElec   .          Harm     .   (no cloak)
rCorr   .          Rampage  .   (no gloves)
Will    .....                   (no boots)
Stlth   +.........              (no amulet)
HPRegen 0.06/turn               (no ring)
MPRegen 0.08/turn               (no ring)

@: no status effects
A: cold resistance 1, negative energy resistance 3, torment resistance 2, heat
vulnerability 1, no potions
a: Renounce Religion, Depart the Abyss, Bend Space


You were on level 1 of the Dungeon.
You worshipped Lugonu.
Lugonu was pleased with you.
You visited 1 branch of the dungeon, and saw 1 of its levels.
You visited the Abyss 1 time.

You collected 1 gold pieces.


Innate Abilities, Weirdness & Mutations

You are immune to poison.
Your flesh is cold resistant. (rC+)
You are immune to negative energy. (rN+++)
You are immune to unholy pain and torment.
You are vulnerable to heat. (rF-)
You do not drink.


   Skills:
 + Level 3.0 Fighting
 + Level 1.6 Polearms
 - Level 1.5 Armour
 + Level 0.9 Dodging
 + Level 0.4 Spellcasting
 + Level 1.6 Invocations


You couldn't memorise any spells.
You didn't know any spells.
Your spell library was empty.

Inventory:

Hand Weapons
 a - a +1 spear (weapon)
 b - a +0 hunting sling
   (You found it on level 1 of the Dungeon)
Missiles
 f - 35 stones
Armour
 c - a +0 leather armour (worn)
 e - a +0 robe
   (You found it on level 1 of the Dungeon)
Jewellery
 F - a ring of fire
   (You found it on level 1 of the Dungeon)
Scrolls
 d - a scroll of fear {unknown}

Dungeon Overview and Level Annotations

Branches:
Dungeon (1/15)

Altars:

.........#
#..#.#
....###..#
#.###. # ##.##
##.#.# # ##.
##.#### ##.##
#.##.. #....#
#.# ....#
##.##.# #.# .
#.#.## ##.##
.######.##
....#...###..##
..........
......)bg@.##.#
#######.##
....?...##.#.##
#.#
...####.###..#
#.## # #b# #..#
#... #.# #.)#
#### #.# #.## #
#.# ..# #
#.#.#.# # #.#.#
#######


You could see a hobgoblin and a bat.


Message History

b - a +0 hunting sling;
c - a +0 leather armour (worn)
d - a scroll labelled FITTAIMNURCH
e - a +0 robe
F - a ring of fire You see here a fuming inky potion.
You now have 1 gold piece.
f - 17 stones An endoplasm comes into view.
You hit the endoplasm but do no damage. The endoplasm barely misses you.
You hit the endoplasm.
The endoplasm hits you but does no damage.
You hit the endoplasm.
You kill the endoplasm!
Lugonu accepts your kill.
No target in view!
No target in view!
f - 35 stones (gained 18)
A goblin comes into view. It is wielding a +0 club.
The goblin shouts!
You hear a shout!
A goblin is nearby!
A goblin is nearby!
A rat comes into view.
A bat comes into view.
You reach to attack!
You hit the goblin.
You kill the goblin!
Lugonu accepts your kill.
You closely miss the bat. The bat hits you but does no damage.
You reach to attack!
You barely miss the rat. The bat closely misses you.
A hobgoblin comes into view.
You barely miss the bat. The bat hits you but does no damage.
The rat closely misses you.
You hit the rat. The bat hits you. The rat bites you. 😕 HP[-2]
You take 2 damage, and now have 16/18 hp.
You hit the rat but do no damage. The bat hits you but does no damage.
The rat closely misses you.
You hit the rat.
You kill the rat!
Lugonu accepts your kill. The bat hits you but does no damage.
The bat hits you but does no damage.
You barely miss the hobgoblin. The bat barely misses you.
A quokka comes into view.
The hobgoblin barely misses you.
You hit the hobgoblin. The bat misses you.
The hobgoblin hits you but does no damage.
You closely miss the hobgoblin. The bat misses you. The hobgoblin misses you.
You hit the hobgoblin but do no damage. The bat hits you but does no damage.
The hobgoblin hits you. 😕 HP[-1]
You take 1 damage, and now have 15/18 hp.
You hit the hobgoblin but do no damage. The bat barely misses you.
The hobgoblin hits you but does no damage.
You barely miss the hobgoblin. The bat barely misses you.
The hobgoblin barely misses you.
You barely miss the hobgoblin. The bat completely misses you.
The quokka closely misses you.
The hobgoblin hits you but does no damage.
You completely miss the hobgoblin. The bat barely misses you.
The quokka misses you. The hobgoblin barely misses you.
You hit the hobgoblin. The bat completely misses you.
The quokka barely misses you. The hobgoblin hits you. The quokka bites you.
* * * LOW HITPOINT WARNING * * *
😨 HP[-6]
You take 6 damage, and now have 9/18 hp.
MASSIVE DAMAGE!! (PAUSE)
The bat hits you but does no damage. The bat hits you.
* * * LOW HITPOINT WARNING * * *
😨 HP[-1]
You take 1 damage, and now have 8/18 hp.
The bat attacks as you move away! The bat barely misses you.
The bat hits you but does no damage. The bat hits you but does no damage.
The quokka bites you.
* * * LOW HITPOINT WARNING * * *
The hobgoblin hits you.
* * * LOW HITPOINT WARNING * * *
😱 HP[-4]
You take 4 damage, and now have 4/18 hp.
MASSIVE DAMAGE!! (PAUSE)
You hit the quokka but do no damage.
The quokka bites you but does no damage.
The quokka closely misses you. 😨 HP[+1]
You hit the quokka. The quokka bites you.
* * * LOW HITPOINT WARNING * * *
😱 HP[-1]
You take 1 damage, and now have 4/18 hp.
You barely miss the quokka. The quokka barely misses you.
You hit the quokka.
The quokka bites you but does no damage.
You hit the quokka.
You kill the quokka!
Lugonu accepts your kill. The bat barely misses you.
You closely miss the hobgoblin. The hobgoblin hits you.
* * * LOW HITPOINT WARNING * * *
😱 HP[-3]
You take 3 damage, and now have 1/18 hp.
You closely miss the hobgoblin. The hobgoblin hits you.
You die...

Action                   || total
-------------------------++-------
Melee: Spear             ||    26
Armor: Leather armour    ||    15
Dodge: Dodged            ||    23

Levels and vault maps discovered:
D:1:      nagdon_arrival_double_spiral, layout_loops_ring,
          hellmonk_ecumenical_altar_watching_god

Notes
Turn   | Place    | Note
-------+----------+-------------------------------------------
     0 | Abyss:1  | spiderkeys the Mummy Abyssal Knight began the quest for the
                  | Orb.
     0 | Abyss:1  | Reached XP level 1. HP: 18/18 MP: 2/2
     0 | Abyss:1  | magus.rc [v1.11.3]
    35 | Abyss:1  | Found a corrupted altar of Lugonu.
   134 | Abyss:1  | Found a corrupted altar of Lugonu.
   153 | D:1      | You pass through the gate.
   153 | D:1      | Escaped the Abyss
   314 | D:1      | HP: 4/18 [hobgoblin (2)]
   321 | D:1      | HP: 1/18 [hobgoblin (3)]
   322 | D:1      | Slain by a hobgoblin

Vanquished Creatures
  An endoplasm (D:1)
  A goblin (D:1)
  A quokka (D:1)
  A rat (D:1)
4 creatures vanquished.

Table legend:
 A = Non-vault XP
 B = Vault XP
 C = Vault XP percentage of total XP
 D = Non-vault monster count
 E = Vault monster count
 F = Vault count percentage of total count
                 A         B        C        D         E       F
            +---------+---------+-------+---------+---------+-------
      Total |       7 |       0 |   0.0 |       4 |       0 |   0.0
            +---------+---------+-------+---------+---------+-------
        D:1 |       7 |       0 |   0.0 |       4 |       0 |   0.0
            +---------+---------+-------+---------+---------+-------

Illustrated notes

Table legend:
 A = Kills in this place as a percentage of kills in entire the game.
 B = Kills by you in this place as a percentage of kills by you in the entire game.
 C = Kills by friends in this place as a percentage of kills by friends in the entire game.
 D = Other kills in this place as a percentage of other kills in the entire game.
 E = Experience gained in this place as a percentage of experience gained in the entire game.
 F = Experience gained in this place divided by the number of levels of this place that you have seen.
                   A       B       C       D       E      F
               +-------+-------+-------+-------+-------+----------------------
         Total | 100.0 | 100.0 |   N/A |   N/A | 100.0 |   3.5
       Dungeon | 100.0 | 100.0 |   N/A |   N/A | 100.0 |   7.0
               +-------+-------+-------+-------+-------+----------------------

Table legend: (Time is in decaauts)
 A = Elapsed time spent in this place.
 B = Non-inter-level travel time spent in this place.
 C = Inter-level travel time spent in this place.
 D = Time resting spent in this place.
 E = Time spent auto-exploring this place.
 F = Levels seen in this place.
 G = Mean time per level.
                   A        B        C        D        E       F      G
               +--------+--------+--------+--------+--------+-----+--------+
         Total |    322 |    322 |      0 |      0 |    272 |   2 |  161.0 |
       Dungeon |    169 |    169 |      0 |      0 |    127 |   1 |  169.0 |
         Abyss |    153 |    153 |      0 |      0 |    145 |   1 |  153.0 |
               +--------+--------+--------+--------+--------+-----+--------+

Top non-repeatable levels by time:
     D:1: 169 daAuts
 Abyss:1: 153 daAuts
